 Dungeon Crawl Stone Soup version 0.27.1-33-g824d729ab1 (webtiles) character file.

Game seed: 3613611215148540594

968 pkoi the Grappler (level 7, -2/55 HPs)
             Began as a Pale Draconian Gladiator on Dec 19, 2021.
             Slain by an ice beast (10 damage)
             ... on level 5 of the Dungeon.
             The game lasted 00:03:41 (4709 turns).

pkoi the Grappler (Pale Draconian Gladiator)        Turns: 4709, Time: 00:03:41

Health: -2/55      AC:  7    Str: 16    XL:     7   Next: 93%
Magic:  7/7        EV: 12    Int: 11    God:
Gold:   139        SH:  0    Dex: 10    Spells: 5/6 levels left

rFire    + . .     SeeInvis .     - Unarmed
rCold    . . .     Faith    .   (no shield)
rNeg     . . .     Spirit   .   (armour unavailable)
rPois    .         Reflect  .   a - +1 hat
rElec    .         Harm     .   k - scarf {shadows}
rCorr    .         Rampage  .   (no gloves)
Will     .....                  (no boots)
Stlth    +.........             (no amulet)
HPRegen  0.18/turn              (no ring)
MPRegen  0.10/turn              (no ring)

@: no status effects
A: breathe steam, AC +6, unfitting armour, cold-blooded, steam resistance,
clumsy 1, fire resistance 1
a: Breathe Steam


You were on level 5 of the Dungeon.
You visited 1 branch of the dungeon, and saw 5 of its levels.

You collected 139 gold pieces.

Inventory:

Missiles
 b - 3 throwing nets (quivered)
Armour
 a - a +1 hat (worn)
 h - a +0 cloak
 k - a scarf of shadows (worn)
Wands
 g - a wand of flame (11)
Scrolls
 d - 4 scrolls of enchant weapon
 f - 3 scrolls of teleportation
 l - a scroll of brand weapon {unknown}
Potions
 c - 2 potions of curing
 e - a potion of lignification
 i - a potion of magic
 j - 2 potions of brilliance
 m - a potion of degeneration {unknown}


   Skills:
 - Level 2.1 Fighting
 - Level 1.7 Throwing
 - Level 2.6 Dodging
 + Level 9.6 Unarmed Combat


You had 5 spell levels left.
You knew the following spells:

 Your Spells              Type           Power      Damage    Failure   Level
a - Apportation           Tloc           0%         N/A       34%         1

Your spell library contained the following spells:

 Spells                   Type           Power      Damage    Failure   Level
 Animate Skeleton         Necr           0%         N/A       34%         1
 Corona                   Hex            0%         N/A       34%         1
 Freeze                   Ice            0%         1d3       34%         1
 Summon Small Mammal      Summ           0%         N/A       34%         1
 Frozen Ramparts          Ice            0%         1d2       71%         3
 Hailstorm                Conj/Ice       0%         3d3       98%         4


Dungeon Overview and Level Annotations

Branches:
Dungeon (5/15)
 Temple: D:4-7

Altars:
Vehumet
Yredelemnul

Portals:
Abyss: D:3

Annotations:
D:3 2 transporters, daervis's ghost, amateur GrBe


Innate Abilities, Weirdness & Mutations

You can breathe blasts of scalding, opaque steam.
Your pale cyan-grey scales are hard. (AC +6)
You cannot fit into any form of body armour.
You are cold-blooded and may be slowed by cold attacks.
You are immune to the effects of steam.
You are clumsy. (Dex -2)
Your flesh is heat resistant. (rF+)


Message History

The hound zombie bites you but does no damage.
The sky beast hits you.
* * * LOW HITPOINT WARNING * * *
The sky beast shocks you.
* * * LOW HITPOINT WARNING * * *
The iguana hisses menacingly.
The iguana barely misses you.
You punch the sky beast!
You kill the sky beast!
The hound zombie bites you but does no damage.
Unknown command.
Found 19 gold pieces.
An ice beast comes into view.
A howler monkey skeleton comes into view.
You have got your breath back.
The ice beast hits you but does no damage.
The ice beast closely misses you.
The ice beast hits you but does no damage.
Found a stone staircase leading down.
Press: ? - help, Shift-Dir - straight line, f - ice beast
Aim: an ice beast
Okay, then.
Unknown command.
A white imp comes into view.
The white imp shouts, "Scamper hence, thou fulsome flat-headed pissant!"
The white imp closely misses you.
The white imp hits you but does no damage.
The ice beast misses you.
There is a stone staircase leading down here.
The white imp hits you.
* * * LOW HITPOINT WARNING * * *
The white imp freezes you.
* * * LOW HITPOINT WARNING * * *
The white imp gestures at you. The puff of frost hits you.
* * * LOW HITPOINT WARNING * * *
The ice beast hits you.
* * * LOW HITPOINT WARNING * * *
The ice beast freezes you!
You die...

#.##..#....######..
#..###..................
#.......###Z..........##
#...#...##....8.(#......
......##.Z......(..#.###
........Z.##......#..##
........>####.#...#....
......Y######.......###
.......@###....#....####
........................
.......###..8...........
..............)....#####
..#######.....####.#####
.. ##....# #....<.
###### ######. #


You could see an ice beast.

Vanquished Creatures
  3 centaur zombies (D:5)
  A sky beast (D:5)
  A black bear (D:5)
  An ogre (D:4)
  A centaur (D:5)
  Blork the orc (D:4)
  An orc wizard (D:4)
  A howler monkey skeleton (D:4)
  4 adders
  An ufetubus (D:4)
  An adder skeleton (D:5)
  A worm (D:2)
  2 dart slugs
  2 orcs (D:4)
  8 bats
  An endoplasm (D:2)
  6 giant cockroaches
  4 goblins
  8 hobgoblins
  4 jackals (D:3)
  3 quokkas
  7 ball pythons
  2 frilled lizards
  8 kobolds
  5 rats
77 creatures vanquished.

Notes
Turn   | Place    | Note
-------+----------+-------------------------------------------
     0 | D:1      | pkoi the Draconian Gladiator began the quest for the Orb.
     0 | D:1      | Reached XP level 1. HP: 17/17 MP: 1/1
   221 | D:1      | Reached XP level 2. HP: 24/24 MP: 2/2
   670 | D:1      | Reached skill level 4 in Unarmed Combat
   692 | D:1      | Found a faded altar of an unknown god.
  1057 | D:2      | Reached XP level 3. HP: 27/29 MP: 3/3
  1595 | D:2      | Reached XP level 4. HP: 28/36 MP: 4/4
  1841 | D:2      | Reached skill level 5 in Unarmed Combat
  2322 | D:3      | Noticed daervis's ghost (amateur GrBe)
  2333 | D:3      | Found a one-way gate to the infinite horrors of the Abyss.
  2392 | D:3      | Found a transporter.
  2404 | D:3      | Noticed a small abomination
  2411 | D:3      | Found a transporter.
  2502 | D:3      | Found a radiant altar of Vehumet.
  2602 | D:3      | Found a basalt altar of Yredelemnul.
  2929 | D:3      | Noticed a toenail golem
  3371 | D:4      | Noticed Blork the orc
  3377 | D:4      | Killed Blork the orc
  3378 | D:4      | Reached skill level 6 in Unarmed Combat
  3378 | D:4      | Reached XP level 5. HP: 28/41 MP: 5/5
  3587 | D:4      | Noticed an ogre
  3594 | D:4      | Killed an ogre
  3765 | D:4      | Reached XP level 6. HP: 48/48 MP: 6/6
  3766 | D:4      | Gained mutation: You are clumsy. (Dex -2) [potion of
                  | mutation]
  3766 | D:4      | Gained mutation: Your flesh is heat resistant. (rF+)
                  | [potion of mutation]
  4079 | D:4      | Reached skill level 7 in Unarmed Combat
  4081 | D:4      | Learned a level 1 spell: Apportation
  4456 | D:5      | Entered Level 5 of the Dungeon
  4487 | D:5      | Reached skill level 8 in Unarmed Combat
  4487 | D:5      | Your scales start taking on a pale cyan-grey colour.
  4487 | D:5      | Reached XP level 7. HP: 42/55 MP: 7/7
  4487 | D:5      | Gained mutation: You are immune to the effects of steam.
                  | [Pale Draconian growth]
  4605 | D:5      | Reached skill level 9 in Unarmed Combat
  4709 | D:5      | Slain by an ice beast

Illustrated notes

Levels and vault maps discovered:
D:1:      evilmike_arrival_home_sweet_home, layout_loops_ring,
          shapermc_ecumenical_altar_notcrosses
D:2:      layout_basic, minmay_pentomino_o2
D:3:      layout_basic, nicolae_overflow_crystal_walls,
          mainiacjoe_overflow_alcove_1, gammafunk_ghost_abyssal_escape,
          minmay_ruptured
D:4:      layout_basic, uniq_blork_the_orc
D:5:      layout_rooms, overflow_temple_1_default,
          minmay_temple_entry_sparse_star, serial_undead, serial_undead_c,
          serial_undead_e, serial_undead_b, serial_undead_d, minmay_manual_mares

Skill      XL: |  1  2  3  4  5  6  7 |
---------------+----------------------+-----
Unarmed Combat | 4 6 8 9 |  9.6
Fighting       | |  2.1
Throwing       | |  1.7
Dodging        | |  2.6

Action                   |  1- 3 |  4- 6 |  7- 9 || total
-------------------------+-------+-------+-------++-------
Melee: Unarmed           |   120 |   109 |    21 ||   250
       Tailslap          |    18 |    16 |     2 ||    36
       Punch             |     2 |     2 |       ||     4
 Abil: Breathe Steam     |       |       |     1 ||     1
Evoke: Wand              |       |    10 |       ||    10
  Use: Scroll            |     2 |     8 |       ||    10
       Potion            |       |     3 |     2 ||     5
 Stab: Sleeping          |     3 |     1 |       ||     4
Armor: Skin              |    28 |    62 |    20 ||   110
Dodge: Dodged            |    78 |    66 |    19 ||   163
